[Event "Titled Tuesday Blitz May 10 Late 2022"]
[White "Stremavicius, Titas"]
[Black "Xiong, Jeffery"]
[WhiteFideId "12804444"]
[BlackFideId "2047640"]
[WhiteElo "2404"]
[BlackElo "2727"]
[Result "0-1"]
[Round "06"]
[TimeControl "180+1"]
[Date "2022.05.10"]
[WhiteClock "0:00:05"]
[BlackClock "0:01:18"]

1. c4 e6 2. Nc3 d5 3. d4 Nf6 4. cxd5 exd5 5. Bg5 c6 6. e3 Bd6 7. Bd3 O-O 8. Nge2 Re8 9. Bh4 a5 10. Rc1 Na6 11. Bg3 Nc7 12. a3 Bg4 13. Qd2 Ne6 14. Bxd6 Qxd6 15. O-O Bh5 16. Ng3 Bg6 17. Na4 Bxd3 18. Qxd3 g6 19. Nc5 Nxc5 20. Rxc5 h5 21. h3 a4 22. Rfc1 Ra6 23. R5c2 Rb6 24. Qe2 Kg7 25. Nf1 Ra8 26. Nd2 Ra5 27. Nb1 Ne4 28. Nc3 Nxc3 29. Rxc3 Rab5 30. R1c2 Qe6 31. Rc5 Qe4 32. Rxb5 Rxb5 33. Qd2 Rb3 34. Qe2 Qd3 35. Qxd3 Rxd3 36. Kf1 Rd1+ 37. Ke2 Rg1 38. g3 Rb1 39. h4 Kf6 40. Kf3 Kf5 41. Rd2 f6 42. Re2 g5 43. hxg5 fxg5 44. Rd2 h4 45. gxh4 gxh4 46. Kg2 Ke4 47. Kh3 Kf3 48. Kxh4 Rf1 49. Kg5 Rxf2 50. Rxf2+ Kxf2 51. Kf4 Ke2 52. e4 dxe4 53. Kxe4 Kd2 54. d5 cxd5+ 55. Kxd5 Kc2 56. Kc4 Kxb2 57. Kb4 b5 58. Kxb5 Kxa3 59. Kc4 Kb2 0-1


[Site "https://www.chess.com"]

[Event "Titled Tuesday Blitz May 10 Late 2022"]
[White "Suleymanli, Aydin"]
[Black "Boruchovsky, Avital"]
[WhiteFideId "13413937"]
[BlackFideId "2800055"]
[WhiteElo "2481"]
[BlackElo "2469"]
[Result "1-0"]
[Round "06"]
[TimeControl "180+1"]
[Date "2022.05.10"]
[WhiteClock "0:00:09"]
[BlackClock "0:00:02"]

1. e4 e6 2. d4 d5 3. Nd2 c5 4. Ngf3 Nf6 5. exd5 exd5 6. Bb5+ Bd7 7. Qe2+ Be7 8. dxc5 O-O 9. Nb3 Re8 10. Be3 a6 11. Bxd7 Nbxd7 12. O-O Nxc5 13. Qd1 Nce4 14. Bd4 Bd6 15. h3 Qd7 16. Re1 Qf5 17. Qd3 Qh5 18. Re2 h6 19. Rae1 Re6 20. Bxf6 Rxf6 21. Nbd2 Nc5 22. Re8+ Rxe8 23. Rxe8+ Bf8 24. Qe3 Ne6 25. Nb3 Rg6 26. Nfd4 Ng5 27. Kh2 Ne4 28. Qf4 Nd6 29. Rd8 Rf6 30. Qg3 g6 31. Nc5 Kg7 32. Rxf8 Ne4 33. Nxe4 dxe4 34. Re8 e3 35. Rxe3 Qc5 36. Qe5 Qb6 37. Rb3 Qd8 38. Rd3 Qc8 39. Rf3 1-0


[Site "https://www.chess.com"]

[Event "Titled Tuesday Blitz May 10 Late 2022"]
[White "Svicevic, Rastko"]
[Black "Ansh M Shah"]
[WhiteFideId "916315"]
[BlackFideId "25033379"]
[WhiteElo "2132"]
[BlackElo "1819"]
[Result "1-0"]
[Round "06"]
[TimeControl "180+1"]
[Date "2022.05.11"]
[WhiteClock "0:02:22"]
[BlackClock "0:01:39"]

1. d4 Nf6 2. Bg5 g6 3. Bxf6 exf6 4. e3 f5 5. g3 d5 6. Bg2 c6 7. Ne2 Bg7 8. O-O O-O 9. Nd2 Nd7 10. c4 Nf6 11. Qc2 Ne4 12. c5 Be6 13. b4 a5 14. a3 b6 15. Rfc1 axb4 16. axb4 bxc5 17. Nxe4 dxe4 18. Qxc5 Bd5 19. Nf4 Qd7 20. Rxa8 Rxa8 21. b5 Rc8 22. Nxd5 1-0


[Site "https://www.chess.com"]

[Event "Titled Tuesday Blitz May 10 Late 2022"]
[White "Tanenbaum, Zachary"]
[Black "Hardaway, Brewington"]
[WhiteFideId "2060850"]
[BlackFideId "30941849"]
[WhiteElo "2692"]
[BlackElo "2554"]
[Result "1-0"]
[Round "06"]
[TimeControl "180+1"]
[Date "2022.05.11"]
[WhiteClock "0:00:24"]
[BlackClock "0:00:36"]

1. e4 e5 2. Nf3 Nf6 3. Nxe5 d6 4. Nf3 Nxe4 5. Nc3 Nxc3 6. dxc3 Be7 7. Be3 Nd7 8. Qd2 O-O 9. O-O-O c6 10. Bd3 Nf6 11. Ng5 h6 12. h4 Qa5 13. Kb1 Ng4 14. Bh7+ Kh8 15. Qd3 Ne5 16. Qe4 f5 17. Qf4 b5 18. Bc5 Qc7 19. Bd4 Bf6 20. Qg3 Nc4 21. Bxf6 Rxf6 22. Rhe1 Bd7 23. Re7 Re8 24. Rxg7 Kxg7 25. Ne6+ Kxh7 26. Qg7# 1-0


[Site "https://www.chess.com"]

[Event "Titled Tuesday Blitz May 10 Late 2022"]
[White "Terry, Renato"]
[Black "Aggelis, Nikolaos"]
[WhiteFideId "3803457"]
[BlackFideId "4213220"]
[WhiteElo "2577"]
[BlackElo "2154"]
[Result "1-0"]
[Round "06"]
[TimeControl "180+1"]
[Date "2022.05.10"]
[WhiteClock "0:00:04"]
[BlackClock "0:00:39"]

1. e4 c5 2. Nf3 e6 3. Nc3 Nc6 4. Bb5 Nd4 5. O-O Nxb5 6. Nxb5 a6 7. Nc3 b5 8. d4 cxd4 9. Qxd4 Qc7 10. Re1 Bb7 11. Nd5 Bxd5 12. exd5 Nf6 13. Bf4 Bd6 14. Bxd6 Qxd6 15. dxe6 Qxd4 16. exf7+ Kxf7 17. Nxd4 Rac8 18. c3 d5 19. Nf5 Rc7 20. f3 Rb8 21. a3 a5 22. Nd4 b4 23. cxb4 axb4 24. a4 b3 25. a5 Ra8 26. Ra3 Rc4 27. Nxb3 Rb4 28. Re2 Nd7 29. Rd2 Rb5 30. a6 Ne5 31. Nd4 Rb6 32. Re2 Nc4 33. Ra2 Raxa6 34. Rxa6 Rxa6 35. b3 Nd6 36. Kf2 Rb6 37. Ke3 Nb5 38. Nxb5 Rxb5 39. Rb2 Rb4 40. Kd3 d4 41. Rb1 Ke6 42. Kc2 Kd5 43. Ra1 Rb7 44. Ra5+ Kd6 45. h4 g6 46. h5 Ke6 47. h6 Kf6 48. Rd5 Rb4 49. Rc5 Rb7 50. Rc4 Kg5 51. Rxd4 Kxh6 52. b4 Kg5 53. Kd3 Rb8 54. Kc4 Kf5 55. b5 Ke6 56. Kb4 h5 57. Rc4 Kd5 58. Rc6 Rg8 59. Rc7 g5 60. b6 Kd6 61. Kb5 g4 62. Rh7 gxf3 63. gxf3 Rf8 64. b7 Ke5 65. Rxh5+ Kf4 66. Kb6 Kxf3 67. Ka7 Kg4 68. Rb5 Rf7 69. Ka8 1-0


[Site "https://www.chess.com"]

[Event "Titled Tuesday Blitz May 10 Late 2022"]
[White "Tomaszewski, Kacper"]
[Black "Arabidze, Meri"]
[WhiteFideId "1127373"]
[BlackFideId "13604040"]
[WhiteElo "2153"]
[BlackElo "2335"]
[Result "0-1"]
[Round "06"]
[TimeControl "180+1"]
[Date "2022.05.11"]
[WhiteClock "0:00:02"]
[BlackClock "0:00:04"]

1. e4 c5 2. Nf3 e6 3. c3 d5 4. e5 d4 5. cxd4 cxd4 6. g3 Nc6 7. Bg2 Nge7 8. O-O Nf5 9. d3 h5 10. h4 Bd7 11. Nbd2 Be7 12. Ne4 Qb6 13. Bg5 O-O-O 14. Rc1 Kb8 15. Bxe7 Ncxe7 16. Nc5 Bc6 17. Ng5 Rhf8 18. Qxh5 Bxg2 19. Kxg2 g6 20. Qf3 Nd5 21. Rfe1 a6 22. Qd1 Ka7 23. Qb3 Qxb3 24. axb3 Rc8 25. Nd7 Rfd8 26. Rxc8 Rxc8 27. Re2 Nb4 28. Rd2 Rc7 29. Nf6 a5 30. h5 gxh5 31. Nxh5 b5 32. Nf4 Kb6 33. g4 Ng7 34. Nh5 Ne8 35. Nf6 Ng7 36. Nh5 Ne8 37. f4 Rc2 38. Rxc2 Nxc2 39. Nxf7 Nb4 40. Nf6 Ng7 41. Nh5 Ne8 42. g5 Nxd3 43. g6 Nxb2 44. g7 Nxg7 45. Nxg7 a4 46. bxa4 bxa4 47. Nxe6 d3 48. Nc5 Kxc5 49. e6 d2 50. e7 d1=Q 51. e8=Q Qg4+ 52. Kh1 Qf3+ 53. Kg1 Qg3+ 54. Kh1 Qh4+ 55. Kg1 Qg4+ 56. Kh1 Qd1+ 57. Kg2 Qc2+ 58. Kh1 Qc1+ 59. Kg2 Qd2+ 60. Kh1 Kb4 61. Qe7+ Kb3 62. Qe6+ Nc4 63. Ne5 Qe1+ 64. Kg2 Qe2+ 65. Kg3 a3 66. Qd5 Qe3+ 67. Kg4 Qe2+ 68. Kg5 a2 69. Qb5+ Kc3 0-1


[Site "https://www.chess.com"]

[Event "Titled Tuesday Blitz May 10 Late 2022"]
[White "Vajda, Levente"]
[Black "Karttunen, Mika"]
[WhiteFideId "1203975"]
[BlackFideId "502081"]
[WhiteElo "2670"]
[BlackElo "2552"]
[Result "1-0"]
[Round "06"]
[TimeControl "180+1"]
[Date "2022.05.11"]
[WhiteClock "0:00:57"]
[BlackClock "0:00:12"]

1. e4 e5 2. Nf3 Nc6 3. Bc4 Bc5 4. c3 Nf6 5. d3 O-O 6. Nbd2 a6 7. O-O Ba7 8. Bb3 d6 9. h3 h6 10. Re1 Ne7 11. Nf1 Ng6 12. Ng3 c6 13. d4 Bd7 14. Bc2 Re8 15. Be3 Qc7 16. Qd2 Kh7 17. Rad1 Be6 18. Nf5 Ng8 19. g4 f6 20. d5 Bxe3 21. fxe3 cxd5 22. exd5 Bf7 23. N3h4 e4 24. Nxg6 Bxg6 25. Ng3 Re5 26. Rf1 Rae8 27. Qd4 Kh8 28. Rf4 Bh7 29. c4 b5 30. b3 bxc4 31. bxc4 Rc8 32. Bb3 Ne7 33. Nxe4 g5 34. Rxf6 Bxe4 35. Re6 Qc5 36. Rxe5 Qxd4 37. Rxd4 dxe5 38. Rxe4 Ng6 39. d6 Rc6 40. c5 Rxc5 41. d7 1-0


[Site "https://www.chess.com"]

[Event "Titled Tuesday Blitz May 10 Late 2022"]
[White "Vasquez Schroeder, Rodrigo"]
[Black "Svane, Rasmus"]
[WhiteFideId "3400042"]
[BlackFideId "4657101"]
[WhiteElo "2567"]
[BlackElo "2674"]
[Result "1-0"]
[Round "06"]
[TimeControl "180+1"]
[Date "2022.05.10"]
[WhiteClock "0:00:12"]
[BlackClock "0:00:03"]

1. e4 c6 2. Nf3 d5 3. d3 dxe4 4. dxe4 Qxd1+ 5. Kxd1 Nf6 6. Nfd2 g5 7. f3 h5 8. h4 g4 9. Nc4 Be6 10. Bf4 Nbd7 11. Nbd2 Bh6 12. Bg5 O-O-O 13. Ke1 gxf3 14. gxf3 Rdg8 15. Bxh6 Rxh6 16. Kf2 Rhg6 17. a4 Kc7 18. a5 Ne8 19. b4 Nd6 20. Ne3 f5 21. exf5 Bxf5 22. c4 c5 23. Nd5+ Kd8 24. Re1 R6g7 25. b5 e5 26. Rh2 Be6 27. Ne3 e4 28. Rg2 exf3 29. Rxg7 Rxg7 30. Kxf3 Ne5+ 31. Kf4 Ng6+ 32. Kg5 Ke7 33. Kh6 Rg8 34. Nd5+ Kf7 35. Bd3 Nxh4 36. Rf1+ Nhf5+ 37. Kxh5 Rg3 38. Bxf5 Nxf5 39. Ne4 Rh3+ 40. Kg4 Rd3 41. Ng5+ Kg6 42. Nxe6 Rxd5 43. Nf4+ Kf6 44. Nxd5+ Ke5 1-0


[Site "https://www.chess.com"]

[Event "Titled Tuesday Blitz May 10 Late 2022"]
[White "Vega Gutierrez, Sabrina"]
[Black "Ng, Gary"]
[WhiteFideId "2219026"]
[BlackFideId "2604914"]
[WhiteElo "2286"]
[BlackElo "2253"]
[Result "1-0"]
[Round "06"]
[TimeControl "180+1"]
[Date "2022.05.11"]
[WhiteClock "0:00:01"]
[BlackClock "0:00:01"]

1. e4 b6 2. d4 Bb7 3. Bd3 Nf6 4. Nc3 e6 5. a3 c5 6. Nf3 Qc8 7. O-O c4 8. e5 cxd3 9. exf6 dxc2 10. fxg7 cxd1=Q 11. gxh8=Q Qd3 12. Bh6 Ke7 13. Bg5+ Ke8 14. Ne5 Qf5 15. f4 d6 16. g4 Qc2 17. Rf2 Qxf2+ 18. Kxf2 dxe5 19. fxe5 Qc6 20. Rc1 Qf3+ 21. Ke1 Nd7 22. Nb5 Qe4+ 23. Kd2 Nc5 24. Nc7+ Kd7 25. dxc5 Kxc7 26. cxb6+ Kxb6 27. Be3+ Ka6 28. Qf6 Be7 29. Qf1+ Ka5 30. Rc3 1-0


[Site "https://www.chess.com"]

[Event "Titled Tuesday Blitz May 10 Late 2022"]
[White "Villiers, Thomas"]
[Black "Lewtak, Damian"]
[WhiteFideId "427209"]
[BlackFideId "1141724"]
[WhiteElo "2164"]
[BlackElo "2362"]
[Result "0-1"]
[Round "06"]
[TimeControl "180+1"]
[Date "2022.05.11"]
[WhiteClock "0:00:06"]
[BlackClock "0:00:05"]

1. e4 c5 2. Nf3 d6 3. d4 cxd4 4. Qxd4 Nf6 5. Nc3 Nc6 6. Bb5 Bd7 7. Qd3 g6 8. Bg5 Bg7 9. O-O O-O 10. Rad1 h6 11. Bh4 a6 12. Bxc6 Bxc6 13. e5 dxe5 14. Nxe5 Qc7 15. Nxc6 Qxc6 16. Rfe1 e6 17. Bg3 Qb6 18. Be5 Rfd8 19. Qf3 Ne8 20. Bxg7 Kxg7 21. Qe3 Qxb2 22. Rb1 Qxc2 23. Rxb7 Qf5 24. Ne4 Rac8 25. Qa7 Qxe4 26. Rxf7+ Kg8 27. Rf1 Qd4 28. Qe7 Ng7 29. h4 Rf8 30. Rxf8+ Rxf8 31. h5 gxh5 32. Qb7 a5 33. Qa6 Qc5 34. Qe2 Qf5 35. Rd1 h4 36. Rd7 Qg5 37. Kh1 Rd8 38. f4 Qf6 39. Rxd8+ Qxd8 40. Qe5 Qd5 41. Qb8+ Kh7 42. a4 Qd1+ 43. Kh2 Qxa4 44. Qc7 Qe4 45. f5 Qxf5 46. Qc4 e5 47. Kh1 Qb1+ 48. Kh2 Qf5 49. Kh1 Qg5 50. Qe4+ Kh8 51. Qa4 Qf4 52. Qxa5 Nf5 53. Qd8+ Kg7 54. Qd7+ Kg6 55. Qd3 Kg5 56. g4 hxg3 57. Qd7 Qf1# 0-1


[Site "https://www.chess.com"]

[Event "Titled Tuesday Blitz May 10 Late 2022"]
[White "Vlassov, Nikolai"]
[Black "Clarke, Brandon G I"]
[WhiteFideId "4103360"]
[BlackFideId "400319"]
[WhiteElo "2407"]
[BlackElo "2414"]
[Result "0-1"]
[Round "06"]
[TimeControl "180+1"]
[Date "2022.05.10"]
[WhiteClock "0:00:03"]
[BlackClock "0:00:20"]

1. e4 c5 2. c3 Nf6 3. e5 Nd5 4. d4 cxd4 5. cxd4 d6 6. Bc4 Nb6 7. Bb3 dxe5 8. Qh5 e6 9. dxe5 Nc6 10. Nc3 g6 11. Qg5 Qxg5 12. Bxg5 Bg7 13. Bf6 O-O 14. Bxg7 Kxg7 15. Nf3 Nd7 16. O-O-O Ndxe5 17. Nxe5 Nxe5 18. Rhe1 Ng4 19. f3 Nf6 20. Ne4 Nxe4 21. Rxe4 b6 22. Rc4 Ba6 23. Rcd4 Rac8+ 24. Kb1 Rc7 25. Rd7 Rxd7 26. Rxd7 Bf1 27. g3 Bg2 28. f4 Rc8 29. a4 Be4+ 30. Ka2 Kf6 31. Rxa7 Rc5 32. Ka3 Rh5 33. h4 Rc5 34. Ra6 Rc6 35. Kb4 Rd6 36. Bc4 h5 37. Kc3 Bb7 38. Ra7 Bc6 39. b4 Be8 40. a5 bxa5 41. bxa5 Rd1 42. a6 Rg1 43. Ra8 Rxg3+ 44. Kb4 Bc6 45. Rc8 Be4 46. a7 Rg4 47. a8=Q Bxa8 48. Rxa8 Rxf4 49. Kc5 Rxh4 50. Ra7 Rh2 51. Bb5 Rf2 52. Kd4 h4 53. Ke3 Rf5 54. Be8 Kg7 55. Bd7 g5 56. Ke4 Kg6 57. Ba4 Rf4+ 58. Ke3 h3 59. Bc2+ f5 60. Ra6 Kf6 61. Ra1 Rc4 62. Bd3 Rc3 63. Kd2 Rb3 64. Ra8 g4 65. Rh8 Rb2+ 66. Kc3 Ra2 67. Rh6+ Kg5 68. Rxe6 h2 69. Re1 g3 70. Rf1 f4 71. Rb1 g2 72. Rb5+ Kh4 73. Rf5 Ra3+ 74. Kd4 Rxd3+ 75. Kxd3 g1=Q 76. Rxf4+ Kg5 0-1


[Site "https://www.chess.com"]

[Event "Titled Tuesday Blitz May 10 Late 2022"]
[White "Voiteanu, Gabriel"]
[Black "Plotnikov, Pavel"]
[WhiteFideId "1208810"]
[BlackFideId "4170342"]
[WhiteElo "2001"]
[BlackElo "2298"]
[Result "0-1"]
[Round "06"]
[TimeControl "180+1"]
[Date "2022.05.11"]
[WhiteClock "0:00:01"]
[BlackClock "0:01:25"]

1. d4 c5 2. d5 e6 3. c4 Nf6 4. Nc3 exd5 5. cxd5 d6 6. e4 g6 7. f4 Bg7 8. Bb5+ Bd7 9. Be2 O-O 10. Nf3 Re8 11. Qc2 b5 12. Nd2 b4 13. Nd1 Qe7 14. Nf2 a5 15. O-O Bh6 16. g3 Nxd5 17. Nc4 Bb5 18. Nxd6 Bxe2 19. Nxe8 Bxf1 20. exd5 Bb5 21. Bd2 Qxe8 22. Re1 Qf8 23. Ng4 Bg7 24. f5 Nd7 25. fxg6 hxg6 26. h4 Re8 27. Rxe8 Qxe8 28. h5 Bd4+ 29. Kg2 Qe2+ 30. Kh3 Qf1+ 31. Kh4 Bf6+ 32. Nxf6+ Qxf6+ 0-1


[Site "https://www.chess.com"]

[Event "Titled Tuesday Blitz May 10 Late 2022"]
[White "Wachinger, Guenther"]
[Black "Prieto Aranguren, Alain"]
[WhiteFideId "4604261"]
[BlackFideId "2268906"]
[WhiteElo "2212"]
[BlackElo "2235"]
[Result "1-0"]
[Round "06"]
[TimeControl "180+1"]
[Date "2022.05.11"]
[WhiteClock "0:01:41"]
[BlackClock "0:01:07"]

1. e4 c6 2. c4 g6 3. d4 Bg7 4. Nc3 d6 5. Be3 Nf6 6. f3 O-O 7. Qd2 Qa5 8. Bd3 a6 9. Nge2 b5 10. O-O bxc4 11. Bxc4 d5 12. Nxd5 Qxd2 13. Nxe7+ Kh8 14. Bxd2 Bd7 15. d5 Re8 16. Nxc6 Nxc6 17. dxc6 Bxc6 18. Bc3 Re7 19. Nd4 Bb7 20. Rad1 Nd7 21. Ne2 Ne5 22. Bd5 Rb8 23. Bxb7 Rexb7 24. Rd5 Rb5 25. Rfd1 h6 26. Rd8+ Kh7 27. Rxb8 Rxb8 28. Nd4 Rd8 29. Kf2 Nc4 30. Ke2 Rb8 31. Nb3 Nxb2 32. Bxg7 Kxg7 33. Rd4 a5 34. Nxa5 Ra8 35. Nb3 Rxa2 36. Rd2 Kf6 37. f4 g5 38. fxg5+ hxg5 39. Nd4 Ke5 40. Nc6+ Kxe4 41. Nb4 Ra1 42. Rxb2 Rh1 43. h3 f5 44. Nd3 f4 45. Nf2+ 1-0


[Site "https://www.chess.com"]

[Event "Titled Tuesday Blitz May 10 Late 2022"]
[White "Winkels, Marcel"]
[Black "Shapiro, Daniel"]
[WhiteFideId "1003887"]
[BlackFideId "2001780"]
[WhiteElo "1900"]
[BlackElo "2320"]
[Result "0-1"]
[Round "06"]
[TimeControl "180+1"]
[Date "2022.05.11"]
[WhiteClock "0:00:01"]
[BlackClock "0:00:17"]

1. d4 Nf6 2. Bf4 b6 3. Nc3 Bb7 4. f3 d5 5. Qd2 e6 6. O-O-O Nbd7 7. e3 a6 8. g4 b5 9. h4 Nb6 10. Be5 Nc4 11. Bxc4 bxc4 12. h5 h6 13. Nh3 Bb4 14. Rhg1 Qe7 15. Nf4 O-O-O 16. Kb1 Ne8 17. Nfe2 f6 18. Bg3 Nd6 19. a3 Ba5 20. Nxd5 exd5 21. Qxa5 Qxe3 22. Qd2 Rhe8 23. Nc3 Qxf3 24. Na4 c3 25. Qxc3 Qxc3 26. Nxc3 Nc4 27. Rde1 Nd2+ 28. Kc1 Nf3 29. Rxe8 Rxe8 30. Rf1 Nxd4 31. Rd1 Ne2+ 32. Kb1 Nxc3+ 33. bxc3 Re4 34. Rd4 Re3 35. Rd3 Re2 36. c4 dxc4 37. Rc3 Bd5 38. a4 c6 39. a5 Re4 40. Bf2 Rxg4 41. Bb6 Rh4 42. Re3 Kd7 43. Bc5 Be4 44. Kb2 Ke6 45. Kc3 Kd5 46. Bb6 Rxh5 47. Rg3 Rg5 48. Rxg5+ fxg5 49. Kd2 g4 50. Ke3 g3 0-1


[Site "https://www.chess.com"]

[Event "Titled Tuesday Blitz May 10 Late 2022"]
[White "Yuan, Qingyu"]
[Black "Martinez Alcantara, Jose Eduardo"]
[WhiteFideId "8609772"]
[BlackFideId "3805662"]
[WhiteElo "2359"]
[BlackElo "2690"]
[Result "0-1"]
[Round "06"]
[TimeControl "180+1"]
[Date "2022.05.10"]
[WhiteClock "0:00:03"]
[BlackClock "0:00:08"]

1. e4 e5 2. Nf3 Nc6 3. Bc4 Bc5 4. d3 Nf6 5. Bg5 d6 6. a4 h6 7. Bh4 a6 8. Nbd2 Ba7 9. c3 g5 10. Bg3 Qe7 11. h3 Nh5 12. Qe2 Qf6 13. Nf1 Bd7 14. Ne3 Bxe3 15. Qxe3 Be6 16. b4 Bxc4 17. dxc4 Ne7 18. c5 O-O 19. O-O Ng6 20. Rad1 Rfd8 21. Bh2 Qe7 22. cxd6 cxd6 23. Rd2 Nf6 24. Rfd1 Rac8 25. Bg3 Kg7 26. Nh2 Rc4 27. f3 Qc7 28. Rd3 a5 29. Qd2 axb4 30. cxb4 Qb6+ 31. Bf2 Qxb4 32. a5 Qxd2 33. R3xd2 Nf4 34. Rb2 d5 35. exd5 Rxd5 36. Rxd5 Rc1+ 37. Nf1 N6xd5 38. h4 Kg6 39. hxg5 hxg5 40. g3 Nd3 41. Rxb7 Nc3 42. Kg2 Rc2 43. Rc7 Rxf2+ 44. Kg1 Ne2+ 45. Kh1 Rxf1+ 46. Kg2 Rf2+ 47. Kh3 Ng1+ 48. Kg4 f5# 0-1


[Site "https://www.chess.com"]

[Event "Titled Tuesday Blitz May 10 Late 2022"]
[White "Zhigalko, Sergei"]
[Black "Herrera Reyes, Jose Antonio"]
[WhiteFideId "13502956"]
[BlackFideId "2274914"]
[WhiteElo "2662"]
[BlackElo "2361"]
[Result "1-0"]
[Round "06"]
[TimeControl "180+1"]
[Date "2022.05.10"]
[WhiteClock "0:00:17"]
[BlackClock "0:00:13"]

1. e4 c5 2. Nf3 e6 3. c3 d5 4. e5 f6 5. d4 Nc6 6. Bd3 f5 7. O-O g6 8. Re1 h6 9. c4 dxc4 10. Bxc4 Nxd4 11. Nxd4 Qxd4 12. Qb3 b5 13. Bxb5+ Bd7 14. Qxe6+ Ne7 15. Nc3 a6 16. Be3 axb5 17. Qf6 Qg4 18. h3 Qh5 19. Qxh8 O-O-O 20. Bxc5 f4 21. Qf6 Nf5 22. Bxf8 f3 23. Rac1 Kb7 24. Nd5 Rc8 25. Qb6+ Ka8 26. Rxc8+ Bxc8 27. Nc7# 1-0


[Site "https://www.chess.com"]

[Event "Titled Tuesday Blitz May 10 Late 2022"]
[White "talman67"]
[Black "Romanchuk, Viktor"]
[BlackFideId "14109271"]
[WhiteElo "2391"]
[BlackElo "2242"]
[Result "0-1"]
[Round "06"]
[TimeControl "180+1"]
[Date "2022.05.11"]
[WhiteClock "0:00:01"]
[BlackClock "0:00:39"]

1. e4 e6 2. d4 d5 3. Nc3 dxe4 4. Nxe4 Nd7 5. Nf3 Ngf6 6. Bd3 c5 7. O-O Nxe4 8. Bxe4 Nf6 9. Bd3 cxd4 10. Nxd4 Bc5 11. Nf3 O-O 12. Bg5 b6 13. Qe2 Bb7 14. Rad1 Qc7 15. Ne5 Rfd8 16. c3 Rd5 17. Rfe1 Rad8 18. b4 Be7 19. c4 Rd4 20. a3 a5 21. Nxf7 Kxf7 22. Qxe6+ Kf8 23. Bxf6 Bxf6 24. Bxh7 Qf7 25. Rxd4 Rxd4 26. Qxb6 Rd7 27. Bf5 Bd4 28. Qb5 Re7 29. Rd1 Re5 30. Qd7 Bxf2+ 31. Kxf2 Qxf5+ 0-1


[Site "https://www.chess.com"]

[Event "Titled Tuesday Blitz May 10 Late 2022"]
[White "Adewumi, Tanitoluwa"]
[Black "Hoffmann, Asa"]
[WhiteFideId "30966396"]
[BlackFideId "2001470"]
[WhiteElo "2499"]
[BlackElo "2117"]
[Result "1-0"]
[Round "07"]
[TimeControl "180+1"]
[Date "2022.05.11"]
[WhiteClock "0:00:05"]
[BlackClock "0:00:56"]

1. e4 d6 2. Nf3 Bg4 3. Bc4 e6 4. h3 Bh5 5. c3 Nf6 6. Qe2 c6 7. O-O Be7 8. d4 d5 9. exd5 cxd5 10. Bd3 Nc6 11. Bf4 O-O 12. Nbd2 Bd6 13. Bxd6 Qxd6 14. Rae1 Rfe8 15. Qe3 Bg6 16. Bb5 Nd7 17. Ne5 Ndxe5 18. dxe5 Qc7 19. Nb3 Rac8 20. Bxc6 Qxc6 21. f4 Be4 22. Nd2 Bc2 23. a3 a6 24. Qd4 Qc5 25. Nf3 Be4 26. Qxc5 Rxc5 27. Nd4 g6 28. g4 b5 29. Nb3 Rc7 30. Re3 Ra8 31. Nd2 Bc2 32. Rc1 Be4 33. Nxe4 dxe4 34. Rd1 Rc4 35. Kf2 a5 36. b3 Rc7 37. Rd4 Rac8 38. Rdxe4 Rxc3 39. Rxc3 Rxc3 40. Re3 Rc2+ 41. Re2 Rc5 42. Kf3 Kf8 43. Ke4 Ke7 44. Kd4 Rd5+ 45. Kc3 Kd7 46. a4 bxa4 47. bxa4 Kc6 48. Kc4 Rc5+ 49. Kd4 Rc1 50. Rd2 Rb1 51. Kc3 Rb4 52. Rd4 Rb1 53. Rd8 Rf1 54. Rd4 Rf3+ 55. Kc4 Rxh3 56. Rd6+ Kc7 57. Kb5 Rf3 58. Rd4 h5 59. gxh5 gxh5 60. Kxa5 h4 61. Rc4+ Kd7 62. Kb6 h3 63. a5 h2 64. Rd4+ Ke7 65. Rd1 Rxf4 66. Ra1 Rh4 67. Rh1 f6 68. exf6+ Kxf6 69. a6 Rh8 70. a7 Kf5 71. Rxh2 Rxh2 72. a8=Q Rf2 73. Qf8+ Ke4 74. Qxf2 1-0


[Site "https://www.chess.com"]

[Event "Titled Tuesday Blitz May 10 Late 2022"]
[White "Akrakan"]
[Black "Gatterer, Florian"]
[BlackFideId "811688"]
[WhiteElo "2126"]
[BlackElo "2218"]
[Result "0-1"]
[Round "07"]
[TimeControl "180+1"]
[Date "2022.05.11"]
[WhiteClock "0:02:24"]
[BlackClock "0:01:18"]

1. e4 e5 2. Nf3 Nc6 3. Bc4 Bc5 4. O-O Nf6 5. b4 Bxb4 6. c3 Be7 7. d4 Na5 8. Bd3 exd4 9. cxd4 O-O 10. Nc3 d5 11. e5 Ne4 12. Nxe4 dxe4 13. Bxe4 c5 14. d5 f5 15. Bc2 Re8 16. d6 Bf8 17. Qd5+ Be6 18. Qxc5 Rc8 19. Qxa7 Rxc2 20. Be3 Nc4 21. Bd4 Nd2 22. Rfc1 Nxf3+ 23. gxf3 Rxc1+ 24. Rxc1 Qg5+ 0-1


[Site "https://www.chess.com"]

[Event "Titled Tuesday Blitz May 10 Late 2022"]
[White "Aksu, Vedat Ali"]
[Black "Rosenberg, Evan S"]
[WhiteFideId "6304320"]
[BlackFideId "2019299"]
[WhiteElo "2198"]
[BlackElo "2373"]
[Result "0-1"]
[Round "07"]
[TimeControl "180+1"]
[Date "2022.05.11"]
[WhiteClock "0:00:11"]
[BlackClock "0:00:42"]

1. Nf3 d5 2. e3 c5 3. c4 Nf6 4. cxd5 Nxd5 5. Nc3 a6 6. a3 e6 7. Qc2 b6 8. b3 Bb7 9. Bb2 Nd7 10. Be2 N7f6 11. Rg1 Be7 12. g4 h6 13. h4 Nxc3 14. Bxc3 Be4 15. Qb2 Qd5 16. Ne5 Qb7 17. f3 Bd5 18. g5 hxg5 19. hxg5 Nh5 20. g6 Bh4+ 21. Kd1 f6 22. Nf7 Ke7 23. Nxh8 Rxh8 24. e4 Bc6 25. b4 Nf4 26. bxc5 b5 27. Rg4 Bg5 28. Rxg5 Rh1+ 29. Kc2 Rxa1 30. Qxa1 Nxe2 31. Bxf6+ gxf6 32. g7 Bxe4+ 0-1


[Site "https://www.chess.com"]

[Event "Titled Tuesday Blitz May 10 Late 2022"]
[White "Alexiadis, Hristos"]
[Black "Ferreira, Vitor Hugo Vieira"]
[WhiteFideId "4249623"]
[BlackFideId "2119765"]
[WhiteElo "2416"]
[BlackElo "2165"]
[Result "1-0"]
[Round "07"]
[TimeControl "180+1"]
[Date "2022.05.11"]
[WhiteClock "0:02:03"]
[BlackClock "0:01:34"]

1. e4 c5 2. Nf3 d6 3. Bb5+ Bd7 4. Bxd7+ Qxd7 5. O-O Nf6 6. Qe2 Nc6 7. Rd1 e5 8. c3 Be7 9. d4 exd4 10. cxd4 cxd4 11. Nxd4 Nxd4 12. Rxd4 Rc8 13. Nc3 Qc6 14. Bf4 O-O 15. Rad1 Rfd8 16. Qf3 a6 17. h3 h6 18. R4d3 b5 19. Re1 Re8 20. Rde3 Nd7 21. Nd5 Ne5 22. Bxe5 dxe5 23. Rc3 Qb7 24. Rec1 Bd6 25. Nf6+ 1-0


[Site "https://www.chess.com"]

[Event "Titled Tuesday Blitz May 10 Late 2022"]
[White "Al-Tarboush, Ward"]
[Black "Petrovskyi, Vadym"]
[WhiteFideId "7601450"]
[BlackFideId "14165210"]
[WhiteElo "2294"]
[BlackElo "2400"]
[Result "0-1"]
[Round "07"]
[TimeControl "180+1"]
[Date "2022.05.10"]
[WhiteClock "0:00:52"]
[BlackClock "0:02:15"]

1. e4 c5 2. Nf3 d6 3. d4 cxd4 4. Nxd4 Nf6 5. Nc3 a6 6. h3 e5 7. Nde2 h5 8. Bg5 Be6 9. g3 Nbd7 10. Bg2 Be7 11. a4 Rc8 12. O-O Nb6 13. b3 d5 14. a5 d4 15. axb6 dxc3 16. Be3 Qd7 17. f4 Bxh3 18. Qxd7+ Bxd7 19. fxe5 Ng4 20. Bd4 Bb5 21. Rfe1 Rd8 22. Bf2 Nxf2 23. Kxf2 Bc5+ 24. Kf3 Rd2 25. Rad1 Bxe2+ 0-1


[Site "https://www.chess.com"]

[Event "Titled Tuesday Blitz May 10 Late 2022"]
[White "Andreikin, Dmitry"]
[Black "Hansen, Eric"]
[WhiteFideId "4158814"]
[BlackFideId "2606771"]
[WhiteElo "2736"]
[BlackElo "2568"]
[Result "1/2-1/2"]
[Round "07"]
[TimeControl "180+1"]
[Date "2022.05.10"]
[WhiteClock "0:01:45"]
[BlackClock "0:01:07"]

1. d4 Nf6 2. c4 e6 3. Nf3 b6 4. a3 Bb7 5. Nc3 d5 6. cxd5 Nxd5 7. e3 Be7 8. Bb5+ c6 9. Bd3 Nxc3 10. bxc3 O-O 11. h4 h6 12. e4 c5 13. Be3 cxd4 14. cxd4 Nd7 15. e5 Rc8 16. Qd2 Qc7 17. Bxh6 Bxf3 18. gxf3 Nxe5 19. Be4 Nc4 20. Rg1 Nxd2 21. Rxg7+ Kh8 22. Rh7+ Kg8 23. Rg7+ Kh8 24. Rh7+ Kg8 25. Rg7+ 1/2-1/2


[Site "https://www.chess.com"]